 Dungeon Crawl Stone Soup version 0.21-a0-515-g8d4ebbe (webtiles) character file.

814 BingusPrime the Spear-Bearer (level 7, 0/52 HPs)
             Began as a Merfolk Gladiator on Dec 2, 2017.
             Was an Initiate of Okawaru.
             Slain by an orc wizard
             ... wielding a +0 dagger
              (4 damage)
             ... on level 5 of the Dungeon.
             The game lasted 00:24:59 (6328 turns).

BingusPrime the Spear-Bearer (Merfolk Gladiator)    Turns: 6328, Time: 00:25:00

Health: 0/52       AC:  7    Str: 20    XL:     7   Next: 93%
Magic:  7/7        EV: 14    Int: 12    God:    Okawaru [......]
Gold:   304        SH:  0    Dex: 17    Spells: 6/6 levels left

rFire    . . .     SeeInvis .   a - +1 trident
rCold    . . .     Gourm    .   (no shield)
rNeg     . . .     Faith    .   g - +0 ring mail
rPois    .         Spirit   .   j - +1 helmet
rElec    .         Reflect  .   p - scarf {repulsion}
rCorr    .         Harm     .   (no gloves)
MR       .....                  (no boots)
Stlth    +.........             (no amulet)
HPRegen  0.17/turn              (no ring)
MPRegen  0.10/turn              (no ring)

@: mighty, brilliant, lethally poisoned (0 -> -13), repel missiles
A: change form in water, swift swim, stealthy swim
a: Renounce Religion


You were on level 5 of the Dungeon.
You worshipped Okawaru.
Okawaru was noncommittal.
You were hungry.

You visited 2 branches of the dungeon, and saw 6 of its levels.

You collected 304 gold pieces.

Inventory:

Hand Weapons
 a - a +1 trident (weapon)
 h - a +2 flail of protection
 o - a cursed -1 hunting sling
Missiles
 d - a throwing net
 k - 241 stones
 r - 6 curare-tipped needles
 u - 2 javelins
 w - 3 tomahawks (quivered)
Armour
 b - a +0 leather armour
 c - a +0 helmet
 g - a +0 ring mail (worn)
 i - a +0 helmet
 j - a +1 helmet (worn)
 l - the cursed -5 pair of gloves "Eskyohun" {rF++ Str+2 Slay+2, unknown}
   (You found it on level 4 of the Dungeon)

   It affects your strength (+2).
   It affects your accuracy and damage with ranged weapons and melee attacks
   (+2).
   It greatly protects you from fire.
   It has a curse placed upon it.
 p - a scarf of repulsion (worn)
Jewellery
 v - a +4 ring of strength {unknown}
Scrolls
 e - 3 scrolls of teleportation
 m - 2 scrolls of enchant weapon
 n - a scroll of amnesia {unknown}
Potions
 q - a potion of agility
Comestibles
 f - 2 bread rations
 s - a royal jelly


   Skills:
 + Level 3.5 Fighting
 * Level 10.1 Polearms
 + Level 2.6 Throwing
 + Level 2.4 Armour
 + Level 5.3 Dodging
 + Level 1.4 Stealth


You had 6 spell levels left.
You didn't know any spells.

Dungeon Overview and Level Annotations

Branches:
Dungeon (5/15)             Temple (1/1) D:5

Altars:
Ashenzari
Cheibriados
Dithmenos
Elyvilon
Fedhas
Gozag
Hepliaklqana
Kikubaaqudgha
Makhleb
Nemelex Xobeh
Okawaru
Qazlal
Ru
Sif Muna
Trog
Uskayaw
Vehumet
Wu Jian
Xom
Yredelemnul
Zin
The Shining One

Shops:
D:5 *


Message History

You feel sick. The water moccasin barely misses you.
You closely miss the water moccasin.
The water moccasin is moderately wounded.
* * * LOW HITPOINT WARNING * * *
You feel sick.
The water moccasin bites you but does no damage.
The orc wizard casts a spell.
The orc wizard flickers and vanishes!
Deactivating autopickup; reactivate with Ctrl-A.
You puncture the water moccasin!
The water moccasin is severely wounded.
* * * LOW HITPOINT WARNING * * *
You feel sick. The water moccasin misses you.
You puncture the water moccasin!
You kill the water moccasin!
Okawaru accepts your kill.
Your Polearms skill increases to level 10!
* * * LOW HITPOINT WARNING * * *
You feel sick. Something hits you.
You die...

####.....)_.........##.......#.#.
.....####...##.#....######...#.#.
.....# ##.###.#....# #...#.#<
.....# #.###.#....# #...#.##
.....# #.....#....# ##...#.##
###### ###.#####....#####....#.##
#................'....#.##
#.............####...##.##
#......<.@.o..#.........##
#........#....#.##########
#........'....#.#
#........####.#.# #######
#........'....#.# #.....#
#........######o####.....#
########## #............#
##########............#
######........#............#


You could see an orc wizard.

Vanquished Creatures
  A water moccasin (D:5)
  An ogre (D:4)
  A scorpion (D:2)
  A howler monkey (D:4)
  3 hounds
  An orc wizard (D:3)
  An iguana (D:5)
  2 worker ants (D:4)
  A hound skeleton (D:4)
  Robin (D:4)
  4 gnolls
  2 river rats
  12 adders
  A shadow imp (D:3)
  3 worms
  5 dart slugs
  3 leopard geckos
  12 orcs
  7 giant cockroaches
  16 goblins
  10 hobgoblins
  3 jackals (D:5)
  10 kobolds
  3 quokkas
  4 ball pythons
  11 bats
  6 frilled lizards
  9 rats
134 creatures vanquished.

Notes
Turn   | Place    | Note
-------+----------+-------------------------------------------
     0 | D:1      | BingusPrime the Merfolk Gladiator began the quest for the Orb.
     0 | D:1      | Reached XP level 1. HP: 16/16 MP: 1/1
   355 | D:1      | Reached XP level 2. HP: 22/22 MP: 2/2
   425 | D:1      | Reached skill level 5 in Polearms
   477 | D:1      | Reached XP level 3. HP: 23/27 MP: 3/3
   617 | D:1      | You fall through a shaft!
  1236 | D:2      | Reached skill level 6 in Polearms
  1297 | D:2      | Reached XP level 4. HP: 19/34 MP: 4/4
  1512 | D:2      | Reached XP level 5. HP: 18/39 MP: 5/5
  1513 | D:2      | Reached skill level 1 in Armour
  2200 | D:3      | Reached skill level 7 in Polearms
  2579 | D:3      | Found a deep blue altar of Sif Muna.
  2855 | D:3      | Reached skill level 5 in Dodging
  2953 | D:4      | Reached XP level 6. HP: 24/46 MP: 6/6
  2964 | D:4      | Reached skill level 1 in Stealth
  3430 | D:3      | Reached skill level 8 in Polearms
  3850 | D:4      | Found a snail-covered altar of Cheibriados.
  3854 | D:4      | Found a deep blue altar of Sif Muna.
  3861 | D:4      | Found a hazy altar of Hepliaklqana.
  3868 | D:4      | Got a pair of encrusted gloves
  4028 | D:4      | Reached XP level 7. HP: 51/52 MP: 7/7
  4418 | D:4      | Noticed Robin
  4468 | D:4      | Killed Robin
  4717 | D:4      | Reached skill level 9 in Polearms
  5243 | D:5      | Entered Level 5 of the Dungeon
  5256 | D:5      | Found a sacrificial altar of Ru.
  5287 | D:5      | Found a white marble altar of Elyvilon.
  5425 | D:5      | Found Xafamp's Assorted Antiques.
  5426 | D:5      | Found a staircase to the Ecumenical Temple.
  5854 | Temple   | Entered the Ecumenical Temple
  5998 | Temple   | Became a worshipper of Warmaster Okawaru
  6328 | D:5      | Reached skill level 10 in Polearms
  6328 | D:5      | Slain by an orc wizard

Vault maps used:
D:1:      giann_forest_graveyard, minmay_split_cup_small
D:2:      kb_forest_paths
D:3:      portal_sewer_entry_b, lemuel_statue_altar
D:4:      grunt_temple_overflow_open, corner_web_ring, uniq_robin
D:5:      lemuel_ice_spiral_2, lemuel_crystal_altar,
          nicolae_overflow_crystal_walls, temple_statues, first_bread,
          serial_shops, shop
Temple:   minmay_crystal_spiral_temple

Skill      XL: |  1  2  3  4  5  6  7 |
---------------+----------------------+-----
Polearms       | 5 6 7 8 10 | 10.1
Armour         | 1 2 |  2.4
Dodging        | 5 |  5.3
Stealth        | 1 |  1.4
Fighting       | 3 |  3.5
Throwing       | |  2.6

Action                   |  1- 3 |  4- 6 |  7- 9 || total
-------------------------+-------+-------+-------++-------
Melee: Trident           |   108 |   224 |   152 ||   484
Throw: Throwing net      |     4 |     1 |     1 ||     6
       Stone             |       |    27 |     1 ||    28
       Javelin           |       |     4 |     3 ||     7
       Tomahawk          |       |       |    17 ||    17
  Use: Scroll            |       |     4 |     6 ||    10
       Potion            |       |     5 |     2 ||     7
 Stab: Held in net/web   |     1 |       |       ||     1
       Sleeping          |       |     1 |       ||     1
  Eat: Chunk             |     1 |     7 |     8 ||    16
       Fruit             |       |     1 |       ||     1
Armor: Ring mail         |    30 |    51 |    29 ||   110
Dodge: Dodged            |    67 |   147 |    89 ||   303
       Deflected         |       |     1 |     1 ||     2

Table legend:
 A = Spawn XP
 B = Non-spawn XP
 C = Spawn XP percentage of total XP
 D = Spawn monster count
 E = Non-spawn monster count
 F = Spawn count percentage of total count
 G = Total turns spent on level
                    A         B        C        D         E        F      G
               +---------+---------+-------+---------+---------+-------+---------
         Total |       0 |    1163 |   0.0 |       0 |     134 |   0.0 |  6328
               +---------+---------+-------+---------+---------+-------+---------
           D:1 |       0 |      39 |   0.0 |       0 |      24 |   0.0 |  1128
           D:2 |       0 |     191 |   0.0 |       0 |      36 |   0.0 |  1495
           D:3 |       0 |     224 |   0.0 |       0 |      32 |   0.0 |   950
           D:4 |       0 |     421 |   0.0 |       0 |      22 |   0.0 |  1765
           D:5 |       0 |     288 |   0.0 |       0 |      20 |   0.0 |   799
               +---------+---------+-------+---------+---------+-------+---------
